 Dungeon Crawl Stone Soup version 0.25.1-2-g60ff931df9 (webtiles) character file.

Game seed: 13202102945629580459

28 Mrkan the Ruffian (level 2, -11/29 HPs)
             Began as a Troll Fighter on Nov 10, 2020.
             Mangled by an orc warrior
             ... wielding a cursed -2 mace
              (17 damage)
             ... on level 2 of the Dungeon.
             The game lasted 00:00:55 (896 turns).

Mrkan the Ruffian (Troll Fighter)                    Turns: 896, Time: 00:00:56

Health: -11/29     AC:  6    Str: 23    XL:     2   Next: 96%
Magic:  1/1        EV:  8    Int:  4    God:
Gold:   29         SH:  8    Dex:  9    Spells: 1/1 levels left

rFire    . . .     SeeInvis .     - Unarmed
rCold    . . .     Gourm    +   b - +0 kite shield
rNeg     . . .     Faith    .   a - +0 robe
rPois    .         Spirit   .   (helmet restricted)
rElec    .         Reflect  .   (no cloak)
rCorr    .         Harm     .   (gloves unavailable)
MR       .....                  (boots unavailable)
Stlth    +.........             (no amulet)
HPRegen  0.49/turn              (no ring)
MPRegen  0.07/turn              (no ring)

@: no status effects
A: large, unfitting armour, claws 3, fast metabolism 3, gourmand, regeneration
1, shaggy fur 1, tough skin 3
a: no special abilities


You were on level 2 of the Dungeon.
You were not hungry.

You visited 1 branch of the dungeon, and saw 2 of its levels.

You collected 29 gold pieces.

Inventory:

Armour
 a - a +0 robe (worn)
 b - a +0 kite shield (worn)
Scrolls
 f - a scroll of immolation {unknown}
 g - a scroll of amnesia {unknown}
 h - a scroll of enchant armour {unknown}
 i - 2 scrolls of teleportation {unknown}
 j - a scroll of identify {unknown}
 l - a scroll of remove curse {unknown}
 m - a scroll of noise {unknown}
Potions
 c - a potion of might
 e - a potion of invisibility {unknown}
 k - 2 potions of curing {unknown}
Comestibles
 d - 4 rations


   Skills:
 - Level 2.4 Fighting
 - Level 2.4 Dodging
 - Level 2.4 Shields
 * Level 3.5 Unarmed Combat


You had one spell level left.
You didn't know any spells.
Your spell library was empty.

Dungeon Overview and Level Annotations

Branches:
Dungeon (2/15)

Altars:


Innate Abilities, Weirdness & Mutations

You are too large for most types of armour.
You have claws for hands.
Your metabolism is lightning-fast.
You like to eat raw meat.
Your natural rate of healing is unusually fast.
You are covered in fur. (AC +1)
You have extremely tough skin. (AC +3)


Message History

The orc warrior hits you with a cursed -2 mace!
The orc warrior hits you with a cursed -2 mace.
You scratch the orc warrior but do no damage.
The orc wizard casts a spell.
The orc wizard blinks!
The orc warrior hits you but does no damage.
Your shield prevents you from hitting the orc warrior.
The orc wizard mumbles some strange words.
The orc wizard blinks!
You barely miss the orc warrior.
The orc warrior hits you with a cursed -2 mace!
* * * LOW HITPOINT WARNING * * *
You scratch the orc warrior.
The orc warrior is lightly wounded.
You block the orc warrior's attack.
You scratch the orc warrior.
The orc warrior is lightly wounded.
The orc warrior hits you with a cursed -2 mace!
Ouch! That really hurt!
You die...

#...#...#.# ...
####.........##.#.
..................
.................
............o.#
#.........#
#........## ###
#.....##.#####.....
#.....##..o@....#
#.....#########.(..
##...## . ####.###
###......#
#......#.#
#.#.#.##.# #.#.#...
. # #.#..#.##


You could see an orc warrior.

Vanquished Creatures
  An adder (D:2)
  A leopard gecko (D:1)
  An orc (D:2)
  2 goblins
  3 hobgoblins (D:1)
  3 kobolds (D:1)
  3 bats (D:1)
  2 rats (D:1)
16 creatures vanquished.

Notes
Turn   | Place    | Note
-------+----------+-------------------------------------------
     0 | D:1      | Mrkan the Troll Fighter began the quest for the Orb.
     0 | D:1      | Reached XP level 1. HP: 22/22 MP: 0/0
   366 | D:1      | Reached XP level 2. HP: 28/29 MP: 1/1
   611 | D:1      | Reached skill level 3 in Unarmed Combat
   881 | D:2      | Noticed an orc warrior
   896 | D:2      | Mangled by an orc warrior

Illustrated notes

Levels and vault maps discovered:
D:1:      dpeg_arrival_leaves_temple_mockup, layout_loops_corners
D:2:      layout_loops_cross, yredelemnul_altar_generic

Skill      XL: |  1  2 |
---------------+-------+-----
Unarmed Combat | 3 |  3.5
Fighting       | |  2.4
Dodging        | |  2.4
Shields        | |  2.4

Action                   || total
-------------------------++-------
Melee: Unarmed           ||    45
  Eat: Chunk             ||     8
Armor: Robe              ||    16
Dodge: Dodged            ||    14
Block: Kite shield       ||    31
